 Dungeon Crawl Stone Soup version 0.30-a0-778-g2ef04afb54 (webtiles) character file.

Game seed: 3224114470891519678

2797 zero the Geomancer (level 9, -9/54 HPs)
             Began as a Gargoyle Earth Elementalist on Feb 16, 2023.
             Mangled by an orc knight
             ... wielding a +0 war axe
              (19 damage)
             ... in a bailey.
             The game lasted 00:06:44 (7431 turns).

zero the Geomancer (Gargoyle Earth Elementalist)    Turns: 7431, Time: 00:06:44

Health: -9/54      AC: 18    Str: 12    XL:     9   Next: 71%
Magic:  2/17       EV: 12    Int: 20    God:
Gold:   322        SH:  0    Dex: 16    Spells: 10/18 levels left

rFire   . . .      SeeInvis .    c - +1 spear (venom)
rCold   . . .      Faith    .    (no shield)
rNeg    + . .      Spirit   .    B - +0 steam dragon scales
rPois   ∞          Reflect  .    (no helmet)
rElec   +          Harm     .    u - +1 cloak
rCorr   .          Rampage  .    (no gloves)
Will    .....                    (no boots)
Stlth   ++                       (no amulet)
HPRegen 0.29/turn                o - +6 ring of dexterity
MPRegen 0.15/turn                x - +4 ring of protection

@: very slightly contaminated
A: sickness immunity, AC +6, negative energy resistance 1, electricity
resistance, torment resistance 1, petrification resistance
a: no special abilities


You were in a bailey.
You visited 2 branches of the dungeon, and saw 8 of its levels.
You also visited: Bailey.

You collected 322 gold pieces.

Inventory:

Hand Weapons
 c - a +1 spear of venom (weapon)
 j - a +4 short sword
Missiles
 D - a throwing net
Armour
 i - a +2 buckler
 u - a +1 cloak (worn)
 B - +0 steam dragon scales (worn)
Jewellery
 h - an amulet of faith
 o - a +6 ring of dexterity (left hand)
 p - a ring of positive energy
 x - a +4 ring of protection (right hand)
 I - an amulet of magic regeneration
 K - a +6 ring of intelligence
Wands
 a - a wand of acid (5)
 C - a wand of flame (15)
 H - a wand of iceblast (8)
 J - a wand of digging (6)
Scrolls
 g - 3 scrolls of fear
 t - 2 scrolls of poison
 y - 2 scrolls of torment
 F - a scroll of fog
Potions
 b - a potion of magic
 f - a potion of degeneration {unknown}
 k - 4 potions of curing
 m - 5 potions of attraction
 n - a potion of ambrosia {unknown}
 q - 2 potions of haste
 s - a potion of heal wounds {unknown}
 z - a potion of lignification
 A - a potion of resistance
 G - a potion of brilliance


   Skills:
 - Level 5.0 Fighting
 - Level 5.0 Armour
 - Level 1.5 Dodging
 - Level 2.1 Stealth
 + Level 5.4 Spellcasting
 - Level 5.0 Conjurations
 - Level 0.7 Transmutations
 + Level 9.2 Earth Magic
 + Level 4.2 Poison Magic


You had 10 spell levels left.
You knew the following spells:

 Your Spells              Type           Power      Damage    Failure   Level
a - Sandblast             Erth           84%        2d18      1%          1
b - Stone Arrow           Conj/Erth      68%        3d11      1%          3
t - Olgreb's Toxic Radia  Pois           22%        N/A       19%         4

Your spell library contained the following spells:

 Spells                   Type           Power      Damage    Failure   Level
 Passwall                 Tmut/Erth      20%        N/A       2%          2
 Sting                    Tmut/Pois      60%        1d6       4%          1
 Poisonous Vapours        Pois/Air       28%        N/A       7%          2
 Petrify                  Tmut/Erth      25%        N/A       14%         4
 Scorch                   Fire           10%        2d6       17%         2
 Summon Guardian Golem    Hex/Summ       5%         N/A       32%         3
 Flame Wave               Conj/Fire      15%        2d7       36%         4
 Summon Cactus Giant      Summ           2%         N/A       100%        6
 Orb of Destruction       Conj           12%        9d7       100%        7
 Spellforged Servitor     Conj/Summ      7%         N/A       100%        7


Dungeon Overview and Level Annotations

Branches:
Dungeon (7/15)             Temple (1/1) D:6          Bailey (1/1)

Altars:
Ashenzari
Cheibriados
Dithmenos
Fedhas
Gozag
Hepliaklqana
Kikubaaqudgha
Makhleb
Nemelex Xobeh
Okawaru
Qazlal
Ru
Sif Muna
Trog
Uskayaw
Wu Jian
Xom
Yredelemnul
Zin
The Shining One
Lugonu


Innate Abilities, Weirdness & Mutations

You are immune to sickness and miasma.
Your stone body is resilient. (AC +6)
You are immune to poison.
You resist negative energy. (rN+)
You are resistant to electric shocks. (rElec)
You are resistant to unholy torment.
You are immune to petrification.


Message History

The orc knight looks as sick as possible!
You kill the gnoll!
The orc knight looks as sick as possible!
Your toxic aura wanes.
There is a gate leading back out of this place here.
Casting: Olgreb's Toxic Radiance (quite dangerous; 19% risk of failure)
Confirm with . or Enter, or press ? or * to list all spells.
Aiming: Stone Arrow (safe; 1% risk of failure)
Press: ? - help, Shift-Dir - straight line, f - orc knight
Aim: an orc knight, wielding a +0 war axe and wearing a +0 ring mail (moderately wounded, extremely poisoned, 67% to hit)
The stone arrow hits the orc knight!
The orc knight is heavily wounded.
Casting: Stone Arrow (safe; 1% risk of failure)
Confirm with . or Enter, or press ? or * to list all spells.
Aiming: Sandblast (safe; 1% risk of failure)
Press: ? - help, Shift-Dir - straight line, f/p - orc knight
Aim: an orc knight, wielding a +0 war axe and wearing a +0 ring mail (heavily wounded, extremely poisoned, 81% to hit)
The blast of sand hits the orc knight but does no damage.
The orc knight is heavily wounded.
The orc knight roars a battlecry!
The orc knight goes into a battle-frenzy!
The orc knight hits you with a +0 war axe!!
Ouch! That really hurt!
* * * LOW HITPOINT WARNING * * *
You feel better.
The orc knight hits you with a +0 war axe.
* * * LOW HITPOINT WARNING * * *
Casting: Sandblast (safe; 1% risk of failure)
Confirm with . or Enter, or press ? or * to list all spells.
You don't have enough magic to cast this spell.
Casting: Sandblast (safe; 1% risk of failure)
Confirm with . or Enter, or press ? or * to list all spells.
You don't have enough magic to cast this spell.
Aiming: Corrosive Bolt
Press: ? - help, Shift-Dir - straight line, f/p - orc knight
Aim: an orc knight, wielding a +0 war axe and wearing a +0 ring mail (severely wounded, strong, extremely poisoned, 64% to hit)
The bolt of acid misses the orc knight.
The bolt of acid hits the orc knight!
The orc knight is almost dead.
The orc knight hits you with a +0 war axe!!
You die...

## ♣♣♣♣♣ #+#.###
♣♣♣♣.♣.♣
###.....###♣......♣♣
##.........##.......♣
#...........#.......♣♣
#......)....'.o......♣
#.....))....).o@.∩...♣
#......)).).)........♣
#...........#........♣
###.....)...##.......♣♣
##.###.....###♣.♣.....♣
.....#'#.### ♣♣♣♣♣♣.♣♣
.....o.### ♣♣♣
.o..o...# ........#


You could see 2 orc knights.

Vanquished Creatures
  Maggie (D:7)
  2 steam dragons
  5 orc warriors
  An ice beast (D:7)
  A sky beast (D:4)
  A phantom (D:6)
  A bullfrog (D:4)
  3 scorpions
  3 wights (D:6)
  3 howler monkeys
  7 hounds
  4 orc priests
  A gnoll bouda (D:5)
  Crazy Yiuf (D:2)
  4 orc wizards
  4 iguanas
  6 adders
  10 river rats (D:5)
  12 gnolls
  5 white imps
  An ufetubus (D:5)
  2 worms
  A dart slug (D:4)
  27 orcs
  8 endoplasms
  A giant cockroach (D:3)
  16 goblins
  3 hobgoblins
  8 jackals
  11 kobolds
  8 quokkas (D:5)
  5 ball pythons
  5 bats
  A frilled lizard (D:2)
  24 rats
196 creatures vanquished.

Vanquished Creatures (others)
  A ball python (D:4)
  A plant (D:5)
2 creatures vanquished.

Grand Total: 198 creatures vanquished

Notes
Turn   | Place    | Note
-------+----------+-------------------------------------------
     0 | D:1      | zero the Gargoyle Earth Elementalist began the quest for
                  | the Orb.
     0 | D:1      | Reached XP level 1. HP: 10/10 MP: 3/3
   206 | D:1      | Reached skill level 1 in Fighting
   251 | D:1      | Reached skill level 4 in Earth Magic
   251 | D:1      | Reached XP level 2. HP: 16/16 MP: 5/5
   786 | D:1      | Reached XP level 3. HP: 21/21 MP: 3/6
   790 | D:1      | Learned a level 3 spell: Stone Arrow
  1383 | D:2      | Reached skill level 5 in Earth Magic
  1456 | D:2      | Reached XP level 4. HP: 26/26 MP: 4/7
  1761 | D:2      | Found a runed translucent door.
  1762 | D:2      | Noticed Crazy Yiuf
  1954 | D:2      | Killed Crazy Yiuf
  2033 | D:3      | Found a shadowy altar of Dithmenos.
  2238 | D:3      | Reached skill level 6 in Earth Magic
  2238 | D:3      | Reached XP level 5. HP: 30/30 MP: 4/8
  2243 | D:3      | Learned a level 4 spell: Flame Wave
  2385 | D:3      | Found a snail-covered altar of Cheibriados.
  2793 | D:4      | Found a shimmering altar of Xom.
  2820 | D:4      | Found an ornate altar of the Wu Jian Council.
  2907 | D:4      | Reached skill level 1 in Armour
  2907 | D:4      | Reached skill level 1 in Conjurations
  2945 | D:4      | Identified the +1 chain mail of Qyikko {Contam rN++}
  3042 | D:4      | Reached XP level 6. HP: 36/36 MP: 7/9
  3428 | D:4      | Noticed a steam dragon
  3435 | D:4      | Killed a steam dragon
  3708 | D:4      | Reached XP level 7. HP: 41/41 MP: 8/11
  3851 | D:4      | Found an opulent altar of Gozag.
  4038 | D:4      | Reached skill level 7 in Earth Magic
  4188 | D:5      | Entered Level 5 of the Dungeon
  4664 | D:5      | Reached XP level 8. HP: 44/48 MP: 3/13
  4739 | D:5      | Learned a level 4 spell: Olgreb's Toxic Radiance
  5228 | D:5      | Reached skill level 1 in Poison Magic
  5832 | D:5      | Found an ancient bone altar of Kikubaaqudgha.
  5832 | D:5      | Found a stormy altar of Qazlal.
  5897 | D:5      | Found a sacrificial altar of Ru.
  5999 | D:5      | Found a hazy altar of Hepliaklqana.
  6001 | D:5      | Found a burning altar of Makhleb.
  6254 | D:6      | Found a staircase to the Ecumenical Temple.
  6271 | D:6      | Reached skill level 8 in Earth Magic
  6364 | Temple   | Entered the Ecumenical Temple
  6449 | D:6      | Reached skill level 5 in Fighting
  6451 | D:6      | Reached XP level 9. HP: 46/54 MP: 2/15
  6687 | D:6      | You fall into a shaft and drop 1 floor!
  6692 | D:7      | Noticed Maggie
  6711 | D:7      | Killed Maggie
  6946 | D:7      | Reached skill level 5 in Conjurations
  6951 | D:7      | Reached skill level 5 in Armour
  7103 | D:7      | Reached skill level 5 in Spellcasting
  7167 | D:7      | Found a bloodstained altar of Trog.
  7168 | D:7      | Found a broken altar of Ashenzari.
  7170 | D:7      | Found a hide-covered altar of Uskayaw.
  7171 | D:7      | Found a flagged portal.
  7176 | Bailey   | Entered a bailey
  7269 | Bailey   | Reached skill level 9 in Earth Magic
  7393 | Bailey   | Noticed an orc knight
  7395 | Bailey   | Noticed an orc knight
  7431 | Bailey   | Mangled by an orc knight

Illustrated notes

Levels and vault maps discovered:
D:1:      erik_arrival_orb_chamber, layout_loops_corners
D:2:      layout_basic, minmay_misc_feat_secret_circle, uniq_crazy_yiuf_cottage
D:3:      layout_basic, grunt_dithmenos_smoke, chei_slow_surprise,
          hangedman_decor_clover_reticule, nicolae_elevator_lobby_plus
D:4:      minmay_chambers_of_fours, layout_loops_corners,
          mainiacjoe_overflow_six_doors_small, grunt_gozag_statues, tgw_xom
D:5:      lemuel_ratsnest, layout_basic, chequers_temple_overflow_minitemple,
          serial_co_window_serial, co_window_corner_a,
          co_window_of_opportunity_a, co_window_corner_a, co_window_paths_b,
          co_window_corner_a, co_window_paths_c, co_window_2corner,
          co_window_corner_ca, grunt_decor_fettered, nicolae_grassy_gnolls
D:6:      layout_layer_cave, minmay_temple_entry_mist
D:7:      layout_loops_cross, grunt_temple_overflow_open, enter_bailey_3,
          uniq_maggie
Temple:   corrupted_temple
Bailey:   bailey_axe_minmay_hex_keep, bailey

Skill      XL: |  1  2  3  4  5  6  7  8  9 |
---------------+----------------------------+-----
Fighting       | 1 2 3 4 5 |  5.0
Earth Magic    | 4 5 6 7 8 9 |  9.2
Armour         | 1 2 3 4 5 |  5.0
Conjurations   | 1 2 3 4 5 |  5.0
Spellcasting   | 3 4 5 |  5.4
Poison Magic   | 2 4 |  4.2
Dodging        | |  1.5
Stealth        | |  2.1
Transmutations | |  0.7

Action                     |  1- 3 |  4- 6 |  7- 9 || total
---------------------------+-------+-------+-------++-------
  Melee: Spear             |    11 |    25 |   110 ||   146
         Short sword       |       |       |     7 ||     7
   Cast: Sandblast         |    42 |    43 |   185 ||   270
         Stone Arrow       |       |     4 |    18 ||    22
         Olgreb's Toxic Ra |       |       |     4 ||     4
  Evoke: Wand              |       |       |     1 ||     1
    Use: Scroll            |       |       |    16 ||    16
         Potion            |       |       |     1 ||     1
   Stab: Sleeping          |     1 |     2 |     1 ||     4
 Armour: Robe              |     1 |    11 |       ||    12
         Steam dragon scal |       |     1 |   135 ||   136
  Dodge: Dodged            |     7 |    31 |   142 ||   180
  Block: Buckler           |     3 |     4 |    52 ||    59

Table legend: (Time is in decaauts)
 A = Elapsed time spent in this place.
 B = Non-inter-level travel time spent in this place.
 C = Inter-level travel time spent in this place.
 D = Time resting spent in this place.
 E = Time spent auto-exploring this place.
 F = Levels seen in this place.
 G = Mean time per level.
                   A        B        C        D        E       F      G
               +--------+--------+--------+--------+--------+-----+--------+
         Total |   7601 |   7344 |    257 |    947 |   5219 |   9 |  844.6 |
       Dungeon |   7188 |   6944 |    244 |    712 |   5163 |   7 | 1026.9 |
        Temple |    150 |    138 |     12 |     80 |     47 |   1 |  150.0 |
        Bailey |    262 |    262 |      0 |    155 |      9 |   1 |  262.0 |
               +--------+--------+--------+--------+--------+-----+--------+

Top non-repeatable levels by time:
     D:5: 1892 daAuts
     D:4: 1545 daAuts
     D:1: 1048 daAuts
     D:2: 1005 daAuts
     D:6: 648 daAuts
     D:3: 644 daAuts
     D:7: 402 daAuts
  Bailey: 262 daAuts
  Temple: 150 daAuts
